 Dungeon Crawl Stone Soup version 0.28-b1-1-g3c77fb2ed1 (webtiles) character file.

Game seed: 10617566500320219655

602878 growler the Petrodigitator (level 27, -17/199 HPs)
             Began as a Gargoyle Earth Elementalist on Jan 28, 2022.
             Was the Champion of Vehumet.
             Killed from afar by an orb of fire (23 damage)
             ... with a fireball
             ... on level 5 of the Realm of Zot.
             The game lasted 04:44:42 (93900 turns).

growler the Petrodigitator (GrEE)                  Turns: 93900, Time: 04:44:42

Health: -17/199    AC: 36    Str: 13    XL:     27
Magic:  10/54      EV: 14    Int: 30    God:    Vehumet [******]
Gold:   6492       SH: 14    Dex:  7    Spells: 12/62 levels left

rFire   + . .      SeeInvis +   q - staff of earth
rCold   + . .      Faith    .   C - +2 kite shield
rNeg    + . .      Spirit   .   X - +2 robe {Archmagi}
rPois   ∞          Reflect  .   I - +2 helmet
rElec   +          Harm     .   a - +1 cloak {Will+}
rCorr   +          Rampage  .   L - +3 Mad Mage's Maulers {Infuse+∞ RegenMP Int-3}
Will    +++..      Archmagi +   s - +0 pair of boots "Ytteaps" {rElec rPois Int+6 Dex-3}
Stlth   ++........              e - amulet of magic regeneration
HPRegen 0.43/turn               N - ring of magical power
MPRegen 1.14/turn               z - ring of see invisible

@: resistant, flying, unable to read
A: sickness immunity, AC +20, big wings, negative energy resistance 1,
electricity resistance, torment resistance 1, petrification resistance, deformed
body, deterioration 1, dopey 1, inability to read while threatened
}: 3/15 runes: decaying, silver, gossamer
a: Renounce Religion


You were on level 5 of the Realm of Zot.
You worshipped Vehumet.
Vehumet was exalted by your worship.
You visited 11 branches of the dungeon, and saw 50 of its levels.
You visited the Abyss 1 time.
You also visited: Trove.

You collected 7903 gold pieces.
You spent 1411 gold pieces at shops.

Inventory:

Missiles
 c - 1216 stones (quivered)
 D - 6 throwing nets {!f}
Armour
 a - a +1 cloak of willpower (worn)
   (You took it off a draconian knight on level 2 of the Realm of Zot)
 s - the +0 pair of boots "Ytteaps" (worn) {rElec rPois Int+6 Dex-3}
   (You found it on level 2 of the Realm of Zot)

   Int:       It affects your intelligence (+6).
   Dex:       It affects your dexterity (-3).
   rElec:     It insulates you from electricity.
   rPois:     It protects you from poison.
 C - a +2 kite shield (worn)
   (You found it on level 6 of the Dungeon)
 I - a +2 helmet (worn)
   (You found it on level 3 of the Lair of Beasts)
 L - the +3 Mad Mage's Maulers (worn) {Infuse+∞ RegenMP Int-3}
   (You found it on level 3 of the Elven Halls)

   It empowers its wearer's blows with all of their magic.
   It causes its wearer's magical reserves to regenerate more quickly.
   Int:       It affects your intelligence (-3).
 X - a +2 robe of the Archmagi (worn)
   (You took it off a meliai on level 4 of the Spider Nest)
Magical Staves
 q - a staff of earth (weapon)
   (You found it on level 4 of the Vaults)
Jewellery
 e - an amulet of magic regeneration (around neck)
   (You found it on level 3 of the Swamp)
 i - a ring of protection from fire
   (You took it off an ironbound convoker on level 5 of the Vaults)
 m - a +4 ring of protection
   (You found it on level 2 of the Depths)
 o - a ring of protection from cold
   (You found it on level 3 of the Spider Nest)
 z - a ring of see invisible (right hand)
   (You bought it in a shop on level 2 of the Elven Halls)
 N - a ring of magical power (left hand)
   (You found it on level 13 of the Dungeon)
 Q - a +6 ring of intelligence
   (You found it on level 3 of the Vaults)
 Z - a ring of willpower
   (You found it on level 4 of the Vaults)
Wands
 d - a wand of iceblast (40)
   (You found it on level 9 of the Dungeon)
 j - a wand of charming (37)
   (You found it on level 3 of the Dungeon)
 t - a wand of flame (169)
   (You took it off an orc on level 7 of the Dungeon)
 u - a wand of paralysis (54)
   (You found it on level 10 of the Dungeon)
 v - a wand of digging (20)
   (You took it off Eustachio on level 4 of the Dungeon)
 w - a wand of polymorph (10)
   (You found it on level 4 of the Swamp)
 x - a wand of acid (26)
   (You found it on level 4 of the Lair of Beasts)
Scrolls
 b - 2 scrolls of silence
 g - 11 scrolls of immolation {!r}
 h - 9 scrolls of blinking
 r - 7 scrolls of vulnerability {!r}
 B - 3 scrolls of torment {!r}
 E - 20 scrolls of teleportation {@r4}
 F - 12 scrolls of fog
 G - 5 scrolls of enchant weapon
 H - 2 scrolls of summoning
 P - 7 scrolls of fear
 S - 2 scrolls of magic mapping
 V - 5 scrolls of holy word
 Y - 3 scrolls of amnesia
Potions
 f - 18 potions of curing {@q1}
 k - 11 potions of mutation {!q}
 l - 7 potions of attraction {!q}
 n - 2 potions of magic
 p - 5 potions of brilliance
 y - a potion of cancellation
 A - 10 potions of heal wounds {@q2}
 J - 6 potions of invisibility
 K - 3 potions of might
 O - 8 potions of lignification {!q}
 R - 6 potions of ambrosia
 U - 4 potions of berserk rage
 W - 4 potions of resistance


   Skills:
 O Level 27 Fighting
 - Level 9.3 Armour
 + Level 15.5 Dodging
 - Level 2.1 Stealth
 - Level 15.0 Shields
 + Level 18.2 Spellcasting
 + Level 19.2 Conjurations
 - Level 5.0 Transmutations
 O Level 27 Earth Magic


You had 12 spell levels left.
You knew the following spells:

 Your Spells              Type           Power      Damage    Failure   Level
a - Sandblast             Erth           100%       2d20      0%          1
b - Petrify               Tmut/Erth      100%       N/A       1%          4
c - Iron Shot             Conj/Erth      77%        9d14      1%          6
d - Lee's Rapid Deconstr  Erth           81%        3d37*     0%          5
e - Shatter               Erth           81%        3d59*     1%          9
f - Borgnjor's Vile Clut  Necr/Erth      63%        N/A       1%          5
g - Lehudib's Crystal Sp  Conj/Erth      77%        10d17     1%          8
q - Passwall              Tmut/Erth      100%       N/A       0%          2
x - Stone Arrow           Conj/Erth      100%       3d13      0%          3
z - Orb of Destruction    Conj           60%        9d15      1%          7

Your spell library contained the following spells:

 Spells                   Type           Power      Damage    Failure   Level
 Ignition                 Fire           20%        3d7       100%        8
 Maxwell's Capacitive Co  Air            20%        ∞         100%        8
 Magic Dart               Conj           100%       1d8       0%          1
 Beastly Appendage        Tmut           100%       N/A       1%          1
 Foxfire                  Conj/Fire      100%       2x1d9     1%          1
 Freeze                   Ice            100%       1d11      1%          1
 Shock                    Conj/Air       100%       1d9       1%          1
 Poisonous Vapours        Pois/Air       82%        N/A       1%          2
 Scorch                   Fire           82%        2d9       1%          2
 Wereblood                Tmut           72%        N/A       1%          2
 Conjure Flame            Conj/Fire      91%        6-21      1%          3
 Dazzling Flash           Conj/Hex       100%       N/A       1%          3
 Ignite Poison            Fire/Tmut/Pois 54%        N/A       1%          3
 Mephitic Cloud           Conj/Pois/Air  78%        N/A       1%          3
 Animate Armour           Summ/Erth      100%       N/A       1%          4
 Flame Wave               Conj/Fire      91%        2d15      1%          4
 Fulminant Prism          Conj/Hex       45%        3d21      1%          4
 Hailstorm                Conj/Ice       91%        3d18      1%          4
 Iskenderun's Mystic Bla  Conj/Tloc      91%        2d18      1%          4
 Leda's Liquefaction      Hex/Erth       63%        N/A       1%          4
 Sticky Flame             Conj/Fire      91%        2d10      1%          4
 Freezing Cloud           Conj/Ice/Air   39%        6-21      1%          5
 Irradiate                Conj/Tmut      50%        3d30      1%          5
 Iskenderun's Battlesphe  Conj           100%       2d15      1%          5
 Lightning Bolt           Conj/Air       45%        1d65      1%          5
 Slow                     Hex            100%       N/A       2%          1
 Summon Small Mammal      Summ           100%       N/A       2%          1
 Frozen Ramparts          Ice            82%        1d10      2%          3
 Inner Flame              Hex/Fire       41%        N/A       2%          3
 Spider Form              Tmut/Pois      59%        N/A       2%          3
 Starburst                Conj/Fire      45%        6d13      2%          6
 Blink                    Tloc           82%        N/A       4%          2
 Corpse Rot               Necr/Air       82%        N/A       4%          2
 Ensorcelled Hibernation  Hex/Ice        82%        N/A       4%          2
 Airstrike                Air            20%        N/A       7%          4
 Yara's Violent Unravell  Hex/Tmut       29%        3d12      7%          5
 Call Canine Familiar     Summ           41%        N/A       8%          3
 Confusing Touch          Hex            41%        N/A       8%          3
 Gell's Gravitas          Tloc           41%        N/A       8%          3
 Lesser Beckoning         Tloc           41%        N/A       8%          3
 Ozocubu's Armour         Ice            41%        N/A       8%          3
 Portal Projectile        Hex/Tloc       82%        N/A       8%          3
 Summon Guardian Golem    Hex/Summ       41%        N/A       8%          3
 Swiftness                Air            41%        N/A       8%          3
 Teleport Other           Tloc           41%        N/A       8%          3
 Tukima's Dance           Hex            41%        N/A       8%          3
 Vampiric Draining        Necr           41%        2d8       8%          3
 Ice Form                 Ice/Tmut       59%        N/A       10%         4
 Blade Hands              Tmut           36%        N/A       10%         5
 Spellforged Servitor     Conj/Summ      45%        N/A       11%         7
 Anguish                  Hex/Necr       20%        N/A       26%         4
 Animate Dead             Necr           20%        N/A       26%         4
 Cause Fear               Hex            20%        N/A       26%         4
 Dispel Undead            Necr           41%        3d16      26%         4
 Passage of Golubria      Tloc           41%        N/A       26%         4
 Summon Ice Beast         Ice/Summ       41%        N/A       26%         4
 Eringya's Noxious Bog    Tmut/Pois      29%        N/A       34%         6
 Agony                    Necr           41%        N/A       58%         5
 Excruciating Wounds      Necr           20%        N/A       58%         5
 Manifold Assault         Tloc           41%        N/A       58%         5
 Metabolic Englaciation   Hex/Ice        20%        N/A       58%         5
 Silence                  Hex/Air        20%        N/A       58%         5
 Summon Forest            Summ/Tloc      20%        N/A       58%         5
 Summon Mana Viper        Hex/Summ       41%        N/A       58%         5
 Death Channel            Necr           20%        N/A       99%         6
 Dispersal                Tloc           20%        N/A       99%         6
 Simulacrum               Ice/Necr       20%        N/A       99%         6
 Ozocubu's Refrigeration  Ice            20%        4d9       99%         7
 Enfeeble                 Hex            20%        N/A       100%        7
 Haunt                    Necr/Summ      20%        N/A       100%        7
 Malign Gateway           Summ/Tloc      20%        N/A       100%        7
 Monstrous Menagerie      Summ           20%        N/A       100%        7
 Summon Hydra             Summ           20%        N/A       100%        7
 Discord                  Hex            20%        N/A       100%        8
 Disjunction              Tloc           20%        N/A       100%        8
 Infestation              Necr           20%        N/A       100%        8
 Summon Horrible Things   Summ           20%        N/A       100%        8
 Fire Storm               Conj/Fire      45%        8d12      100%        9
 Sublimation of Blood     Necr           Unusable   N/A       N/A         2

Dungeon Overview and Level Annotations

Branches:
Dungeon (15/15)            Temple (1/1) D:5            Lair (6/6) D:11
  Swamp (4/4) Lair:3       Spider (4/4) Lair:4        Slime (0/5) Lair:6
    Orc (2/2) D:11            Elf (3/3) Orc:2        Vaults (5/5) D:13
  Crypt (0/3) Vaults:3     Depths (4/4) D:15           Hell (visited)
    Zot (5/5) Depths:4
    Dis: Hell:1         Geh: Hell:1         Coc: Hell:1         Tar: Hell:1

Altars:
Ashenzari
Cheibriados
Dithmenos
Elyvilon
Fedhas
Gozag
Hepliaklqana
Kikubaaqudgha
Makhleb
Nemelex Xobeh
Okawaru
Qazlal
Ru
Sif Muna
Trog
Uskayaw
Vehumet
Wu Jian
Xom
Yredelemnul
Zin
The Shining One
Beogh
Jiyva

Shops:
D:2 :   D:8 =   D:9 (   Orc:2 *[(=   Elf:2 (:==   Elf:3 [   Vaults:3 [
Depths:2 (

Portals:
Hell: Lair:6 Depths:1 Depths:2 Depths:3 Depths:4
Abyss: Depths:3
Pandemonium: Depths:2 Depths:3 Depths:4
Ziggurat: Depths:1

Annotations:
D:13 1 runed translucent door
D:14 3 runed translucent doors, Opnastoc's ghost, journeyman MiBe
Elf:2 5 runed translucent doors
Elf:3 3 runed translucent doors
Zot:2 Juzit's ghost, legendary GnFi


Innate Abilities, Weirdness & Mutations

You are immune to sickness and miasma.
Your stone body is resilient. (AC +20)
You are immune to poison.
Your large and strong wings let you fly.
You resist negative energy. (rN+)
You are resistant to electric shocks. (rElec)
You are resistant to unholy torment.
You are immune to petrification.
Armour fits poorly on your strangely shaped body.
Your body sometimes deteriorates upon taking damage.
You are dopey. (Int -2)
You sometimes lose the ability to read scrolls when taking damage.


Message History

The orb of fire glows bright magenta.
The bolt of fire hits the orb of fire.
The orb of fire completely resists.
The bolt of fire misses you.
The orb of fire glows red.
The bolt of fire hits you!!
Aim: an orb of fire (severely damaged, 67% to hit)
You feel a strong surge of power!
The crystal spear hits the orb of fire!!!!
You destroy the orb of fire!
Vehumet accepts your kill.
You feel your power returning.
The orb of fire glows bright magenta.
The bolt of fire hits you!!!
You feel threatened and lose the ability to read scrolls!
* * * LOW HITPOINT WARNING * * *
You feel protected.
An orb of fire comes into view.
You cannot read scrolls in your current state!
You feel much better.
The orb of fire glows bright magenta.
The bolt of fire hits the orb of fire.
The orb of fire completely resists.
The bolt of fire hits you! You resist.
* * * LOW HITPOINT WARNING * * *
Aim: an orb of fire (67% to hit)
You feel a strong surge of power!
The crystal spear hits the orb of fire!!!
The orb of fire emits a lurid red light.
The bolt of fire hits you!! You resist.
* * * LOW HITPOINT WARNING * * *
You feel much better.
The orb of fire emits a lurid red light.
The bolt of fire misses you.
The orb of fire glows red.
Strange energies course through your body.
You feel stupid.
Aim: an orb of fire (moderately damaged, 67% to hit)
You feel a strong surge of power!
The crystal spear misses the orb of fire.
The crystal spear hits the orb of fire!!!!
Aim: an orb of fire (heavily damaged, 67% to hit)
You feel a strong surge of power!
The crystal spear hits the orb of fire!!!
The orb of fire glows red.
The fireball explodes!
The fireball engulfs you!!! You resist.
* * * LOW HITPOINT WARNING * * *
The fireball engulfs the orb of fire.
The orb of fire completely resists.
The fireball engulfs the orb of fire.
The orb of fire completely resists.
The orb of fire glows yellow.
The fireball explodes!
The fireball engulfs you!! You resist.
You die...

,,,,,,,,,,,,,,,,,,,,,,* *********
,,,,,,,,,,,,,,,,,,,,,**
,,,,,,,,,,,,,,,,,,,***
*,,,,,,,,,,,,,,,****
**,,,,,**▓▓▓▓▓▓▓▓▓▓▓##
*,,,,,,,,.....^.^.†..####
,,,,,,,,,^......#.......######
,,,,,,,,,^.......#.....#.#.#.####
,,,^^,,^,......*@.###............
,,,,,,,,,^......*.# #............
,,,,,,,,^.........# ▓............
,,,,,,,,,.........# ▓.#..........
,,,,,,,,,.........# ▓▓...........
,,,,,^,,,.........# ##..........
,,,,,,,,,........## #...........
,,,,,,,,,.......## ##.^.........
*,,,,^,,,,,,,,,** #............


You could see 2 orbs of fire.

Vanquished Creatures
  6 dread liches
  3 ancient liches
  5 orbs of fire (Zot:5)
  Mennas (Depths:4)
  Mara (Vaults:4)
  Boris (Depths:4)
  The ghost of Juzit the Bludgeoner, a legendary GnFi of Cheibriados (Zot:1)
  4 curse toes
  6 Killer Klowns
  Geryon (Hell)
  Nikola (Vaults:2)
  2 bone dragons
  17 golden dragons
  Arachne (Spider:2)
  5 electric golems
  A hellephant (Hell)
  Jorgrun (D:14)
  17 tentacled monstrosities
  15 Orb Guardians (Zot:5)
  8 liches
  Mlioglotl (Spider:3)
  3 titans
  4 walking divine tomes
  2 deep elf blademasters
  7 quicksilver dragons
  2 deep elf master archers (Elf:3)
  10 death cobs
  5 sphinxes
  Kirke (Swamp:2)
  8 draconian monks
  16 shadow dragons
  A thorn hunter (Swamp:4)
  Agnes (Spider:1)
  13 storm dragons
  Donald (Spider:3)
  5 fenstrider witches
  7 tengu reavers
  4 draconian knights
  2 orc warlords
  5 frost giants
  2 balrugs (Hell)
  2 iron dragons (Zot:3)
  8 deep elf sorcerers
  Louise (Spider:4)
  5 emperor scorpions
  Aizul (Vaults:4)
  8 fire giants
  18 vault wardens
  9 draconian shifters
  A cacodemon (Abyss:4)
  A ghoul (Swamp:4)
  6 draconian scorchers
  14 ironbound preservers
  5 ghost moths
  2 caustic shrike zombies (Hell)
  A broodmother (shapeshifter) (Vaults:5)
  7 draconian stormcallers
  6 draconian annihilators
  8 deep elf elementalists (Elf:3)
  A spriggan defender (Depths:2)
  3 war gargoyles
  19 very ugly things
  11 stone giants
  4 vampire knights
  2 caustic shrike skeletons
  2 reapers (Hell)
  A broodmother (Spider:2)
  6 eleionomae
  9 ironbound thunderhulks
  12 dire elephants
  Azrael (Spider:1)
  8 black draconians
  10 green draconians
  7 yellow draconians
  13 red draconians
  5 deep elf demonologists (Elf:3)
  12 purple draconians
  10 entropy weavers
  6 deep elf annihilators
  10 spark wasps
  4 blizzard demons
  14 white draconians
  A crystal guardian (Vaults:4)
  Snorg (D:13)
  7 bunyips
  8 deep elf death magi
  A shambling mangrove (Swamp:3)
  11 ettins
  8 deep elf high priests
  Josephine (Swamp:1)
  13 great orbs of eyes
  2 green deaths
  9 fire dragons
  8 boulder beetles
  22 yaktaur captains
  9 ice dragons
  A death knight (Vaults:3)
  2 ghost crabs
  Harold (D:9)
  52 vault guards
  6 ogre magi
  2 jorogumos
  2 catoblepae
  13 hydras
  10 centaur warriors
  3 spriggan air magi
  2 peacekeepers
  11 ironbound frosthearts
  3 rakshasas
  12 dancing weapons
  A radroach (Spider:3)
  7 two-headed ogres
  2 deep troll shamans
  A shock serpent (shapeshifter) (Vaults:5)
  A vampire mage (Vaults:3)
  2 tengu warriors
  Urug (D:13)
  11 alligators
  7 spriggan berserkers
  4 deep troll earth magi
  An orc high priest (Orc:2)
  6 soul eaters (Hell)
  13 deep elf knights
  7 sun demons (Hell)
  8 spriggans
  14 hell knights
  Sonja (Lair:1)
  A shadow wraith (Abyss:4)
  Nergalle (Lair:1)
  4 sixfirhies
  8 skeletal warriors
  4 sun moths
  A spark wasp zombie (Depths:1)
  6 pharaoh ants
  2 death drakes
  2 iron trolls
  A shadow demon (Hell)
  3 large abominations (Abyss:4)
  3 glowing orange brains
  8 spriggan druids
  2 goliath frogs
  45 deep trolls
  A deep troll (shapeshifter) (Elf:3)
  4 steelbarb worms
  15 orb spiders
  9 deep elf archers
  2 flayed ghosts
  A spriggan simulacrum (Depths:2)
  3 bog bodies
  32 ironbound convokers
  3 swamp dragons
  5 necromancers
  An obsidian statue (Zot:5)
  8 harpies
  A golden dragon skeleton (Depths:1)
  17 wolf spiders
  14 lindwurms
  9 orc knights
  14 wizards
  3 phantasmal warriors
  21 deep elf zephyrmancers
  17 deep elf pyromancers
  A mana viper (shapeshifter) (D:14)
  2 frost giant zombies
  43 ugly things
  6 manticores
  7 cyclopes
  5 will-o-the-wisps
  8 orc sorcerers
  A black mamba (Lair:3)
  A dire elephant zombie (Hell)
  A cyclops (shapeshifter) (Vaults:3)
  A fire giant skeleton (Depths:2)
  34 moths of wrath
  A naga mage (Abyss:4)
  4 elephants
  13 vault sentinels
  A guardian serpent (Abyss:4)
  3 orange demons
  A water nymph (shapeshifter) (Vaults:5)
  A stone giant skeleton (Depths:1)
  6 torpor snails
  A rust devil (Hell)
  A molten gargoyle (D:15)
  A smoke demon (Lair:6)
  10 cane toads
  A gargoyle (D:12)
  4 kobold demonologists
  9 rime drakes
  15 demonic crawlers
  2 yaktaurs (shapeshifter)
  An unseen horror (D:10)
  33 yaktaurs
  2 efreet
  14 komodo dragons
  A tormentor (Hell)
  Maggie (Lair:2)
  2 freezing wraiths (Vaults:5)
  4 ice devils
  2 red devils (Lair:6)
  7 tyrant leeches
  3 bloated husks
  15 meliai
  12 trolls
  A troll (shapeshifter) (Elf:2)
  28 tarantellas
  7 hornets
  39 slime creatures
  19 blink frogs
  A stone giant simulacrum (Hell)
  7 dream sheep
  24 culicivoras
  31 jumping spiders
  A flying skull (Vaults:3)
  A fire dragon skeleton (Hell)
  A shadow (D:11)
  An air elemental (D:10)
  101 yaks
  5 wraiths
  A culicivora (shapeshifter) (Elf:1)
  6 water elementals
  A vampire (D:10)
  3 hogs (Swamp:2)
  13 wyverns
  13 basilisks
  3 neqoxecs
  8 fire elementals
  Grum (Lair:1)
  6 vampire mosquitoes
  A chaos spawn (Abyss:4)
  Eustachio (D:4)
  A steam dragon (D:7)
  A harpy simulacrum (Hell)
  41 redbacks
  4 wargs
  A human zombie (Depths:1)
  11 swamp worms
  A warg (shapeshifter) (Depths:3)
  2 floating eyes
  10 water moccasins
  A water moccasin (shapeshifter) (Vaults:5)
  6 hell hounds
  A swamp drake (Swamp:1)
  A black bear (Lair:1)
  31 orc warriors
  A necrophage (D:6)
  A sky beast (D:5)
  2 ice beasts (Vaults:1)
  7 wolves
  6 boggarts
  4 ogres
  11 centaurs
  A phantom (D:4)
  3 kobold brigands
  10 bullfrogs
  A small abomination (Abyss:4)
  2 scorpions (D:5)
  3 earth elementals
  A scorpion (shapeshifter) (Vaults:5)
  A water moccasin skeleton (D:4)
  3 wights (D:9)
  A howler monkey (D:5)
  3 electric eels
  2 centaur zombies
  A jelly (D:8)
  14 orc priests
  2 gnoll shamans
  2 bullfrog skeletons
  4 iguanas
  A scorpion zombie (D:5)
  7 hell rats (D:14)
  20 orc wizards
  A killer bee zombie (D:6)
  A howler monkey zombie (D:5)
  15 gnolls
  A howler monkey skeleton (D:4)
  8 adders
  A shadow imp (D:6)
  5 white imps
  An ufetubus (Vaults:1)
  2 dart slugs (D:1)
  57 orcs
  2 ball pythons
  4 endoplasms
  2 giant cockroaches
  2 hobgoblins (D:1)
  8 jackals
  4 quokkas
  8 bats
  9 frilled lizards
  7 goblins
  11 kobolds
  2 rats
  17 bushes (Depths:3)
  7 plants (Depths:3)
2055 creatures vanquished.

Vanquished Creatures (others)
  An ironbound preserver (Vaults:2)
  A white draconian (Zot:2)
  A deep troll (Vaults:2)
  A deep elf zephyrmancer (Elf:3)
  An ironbound convoker (Vaults:2)
  A water elemental (D:10)
  2 humans (Swamp:2)
  A white imp (D:7)
  14 foxfires
  35 fungi
  49 plants
107 creatures vanquished.

Grand Total: 2162 creatures vanquished

Notes
Turn   | Place    | Note
-------+----------+-------------------------------------------
     0 | D:1      | growler the Gargoyle Earth Elementalist began the quest for
                  | the Orb.
     0 | D:1      | Reached XP level 1. HP: 10/10 MP: 3/3
    59 | D:1      | Reached skill level 1 in Transmutations
   208 | D:1      | Reached XP level 2. HP: 15/15 MP: 3/5
   211 | D:1      | Learned a level 2 spell: Passwall
   241 | D:1      | Found a faded altar of an unknown god.
   635 | D:1      | Reached XP level 3. HP: 19/19 MP: 2/6
   756 | D:1      | Learned a level 3 spell: Stone Arrow
  1379 | D:2      | Found Umujiu's Book Shoppe.
  1737 | D:2      | Reached skill level 1 in Conjurations
  1948 | D:2      | Reached XP level 4. HP: 24/24 MP: 4/8
  2904 | D:2      | Reached skill level 5 in Earth Magic
  2904 | D:2      | Reached XP level 5. HP: 16/28 MP: 0/9
  3459 | D:3      | Found a hazy altar of Hepliaklqana.
  3483 | D:3      | Found a basalt altar of Yredelemnul.
  3913 | D:4      | Noticed a phantom
  3940 | D:4      | Killed a phantom
  4109 | D:4      | Reached XP level 6. HP: 32/32 MP: 1/11
  4684 | D:4      | Noticed Eustachio
  4706 | D:4      | Killed Eustachio
  4707 | D:4      | Reached XP level 7. HP: 20/36 MP: 4/13
  5204 | D:5      | Entered Level 5 of the Dungeon
  5405 | D:5      | Learned a level 4 spell: Petrify
  6013 | D:5      | Identified the +8 flail "Starlight" {freeze, Will+ Dex+5}
  6042 | D:5      | Reached skill level 5 in Spellcasting
  6331 | D:5      | Reached skill level 5 in Conjurations
  6331 | D:5      | Reached XP level 8. HP: 41/41 MP: 8/15
  6876 | D:5      | Found a staircase to the Ecumenical Temple.
  7132 | Temple   | Entered the Ecumenical Temple
  7727 | D:6      | Found an ancient bone altar of Kikubaaqudgha.
  7730 | D:6      | Found a radiant altar of Vehumet.
  7734 | D:6      | Became a worshipper of Vehumet
  7736 | D:6      | Found a glowing silver altar of Zin.
  7737 | D:6      | Found a broken altar of Ashenzari.
  7737 | D:6      | Found a snail-covered altar of Cheibriados.
  7737 | D:6      | Found a sacrificial altar of Ru.
  7738 | D:6      | Found an ornate altar of the Wu Jian Council.
  7740 | D:6      | Found an opulent altar of Gozag.
  7741 | D:6      | Found a shimmering blue altar of Sif Muna.
  8310 | D:6      | Reached skill level 1 in Fighting
  8310 | D:6      | Reached skill level 1 in Shields
  8392 | D:6      | Identified the +12 dagger of Defiance {flame, Int+4}
  8885 | D:7      | Noticed a troll
  8889 | D:7      | Killed a troll
  8890 | D:7      | Reached XP level 9. HP: 51/51 MP: 9/16
  9450 | D:7      | Noticed a komodo dragon
  9546 | D:7      | Killed a komodo dragon
  9844 | D:8      | Reached skill level 5 in Fighting
  9844 | D:8      | Reached skill level 10 in Earth Magic
 10120 | D:8      | Reached XP level 10. HP: 55/61 MP: 13/17
 10183 | D:8      | Found Husaat's Jewellery Emporium.
 11339 | D:9      | Noticed Harold
 11455 | D:9      | Noticed a two-headed ogre
 11457 | D:9      | Reached * piety under Vehumet
 11457 | D:9      | Offered knowledge of Freeze by Vehumet.
 11850 | D:9      | Killed a two-headed ogre
 12050 | D:9      | Killed Harold
 12177 | D:9      | Found Umaudets's Weapon Shop.
 12183 | D:9      | Reached XP level 11. HP: 69/72 MP: 13/18
 12186 | D:9      | Reached skill level 10 in Fighting
 12764 | D:10     | Entered Level 10 of the Dungeon
 12885 | D:10     | Found a large runed translucent door.
 12886 | D:10     | Found a large runed translucent door.
 13358 | D:10     | Identified the +6 flail of Woe {pain, rF- rCorr Int+3 SInv}
 14639 | D:11     | Found a staircase to the Orcish Mines.
 14678 | D:11     | Offered knowledge of Poisonous Vapours by Vehumet.
 14740 | D:11     | Reached skill level 5 in Shields
 14742 | D:11     | Reached ** piety under Vehumet
 15074 | D:11     | Found a staircase to the Lair.
 15624 | D:11     | Noticed a manticore
 15635 | D:11     | Killed a manticore
 15823 | Lair:1   | Entered Level 1 of the Lair of Beasts
 15866 | Lair:1   | Noticed Nergalle
 15875 | Lair:1   | Noticed Grum
 15894 | Lair:1   | Killed Nergalle
 16180 | Lair:1   | Killed Grum
 16450 | Lair:1   | Reached XP level 12. HP: 81/81 MP: 17/22
 16554 | Lair:1   | Offered knowledge of Frozen Ramparts by Vehumet.
 16730 | Lair:1   | Noticed Sonja
 16735 | Lair:1   | Killed Sonja
 17230 | Lair:1   | Noticed a four-headed hydra
 17234 | Lair:1   | Killed a four-headed hydra
 17859 | Lair:2   | Reached *** piety under Vehumet
 17945 | Lair:2   | Noticed Maggie
 17953 | Lair:2   | Killed Maggie
 18365 | Lair:2   | Noticed a seven-headed hydra
 18372 | Lair:2   | Killed a seven-headed hydra
 18700 | Lair:2   | Offered knowledge of Mephitic Cloud by Vehumet.
 19137 | Lair:3   | Reached skill level 10 in Shields
 19278 | Lair:3   | Reached XP level 13. HP: 64/91 MP: 9/23
 20113 | Lair:3   | Reached **** piety under Vehumet
 20395 | Lair:3   | Found a staircase to the Swamp.
 20644 | Lair:4   | Offered knowledge of Lightning Bolt by Vehumet.
 20874 | Lair:4   | Reached skill level 15 in Fighting
 20934 | Lair:4   | Found a hole to the Spider Nest.
 21837 | Lair:4   | Identified the +11 war axe of Vaaruoq {vorpal, Str+6 Int-4}
 22479 | Lair:4   | Reached skill level 5 in Dodging
 22895 | Lair:5   | Reached ***** piety under Vehumet
 22990 | Lair:5   | Offered knowledge of Fireball by Vehumet.
 23283 | Lair:5   | Gained mutation: Your large and strong wings let you fly.
                  | [Gargoyle growth]
 23283 | Lair:5   | Reached XP level 14. HP: 72/99 MP: 13/24
 23953 | Lair:6   | Entered Level 6 of the Lair of Beasts
 25430 | Lair:6   | Found a burning altar of Makhleb.
 25778 | Lair:6   | Found a viscous altar of Jiyva.
 25943 | Lair:6   | Found a staircase to the Slime Pits.
 26448 | Lair:6   | Found a gateway to Hell.
 26668 | Orc:1    | Entered Level 1 of the Orcish Mines
 27535 | Orc:2    | Entered Level 2 of the Orcish Mines
 28326 | Orc:2    | Noticed an orc warlord
 28551 | D:2      | Bought a book of Power for 462 gold pieces
 28558 | D:2      | Learned a level 6 spell: Iron Shot
 29139 | Orc:2    | Found a staircase to the Elven Halls.
 30349 | Orc:2    | Found Ynter's Antique Armour Shop.
 30491 | Orc:2    | Found Teaqeaq's General Store.
 30494 | Orc:2    | Found Atuzag's Antique Weapon Shop.
 30496 | Orc:2    | Found Fafaishu's Jewellery Shop.
 30559 | Orc:2    | Bought a warped cloak for 209 gold pieces
 30559 | Orc:2    | Identified the +1 cloak of Eradyorgh {Harm Drain rElec
                  | Dex+5} (You bought it in a shop on level 2 of the Orcish
                  | Mines)
 31010 | Orc:1    | Killed an orc warlord
 31719 | D:12     | Reached XP level 15. HP: 107/107 MP: 9/25
 32010 | D:12     | Offered knowledge of Hailstorm by Vehumet.
 32699 | D:12     | Reached skill level 15 in Earth Magic
 33812 | D:13     | Found a gate to the Vaults.
 35439 | D:13     | Noticed Snorg
 35444 | D:13     | Killed Snorg
 35539 | D:13     | Reached skill level 10 in Conjurations
 35861 | D:13     | Noticed Urug
 35864 | D:13     | Found a runed translucent door.
 35928 | D:13     | Killed Urug
 36558 | D:14     | Found a runed translucent gate.
 36558 | D:14     | Found a runed translucent gate.
 36558 | D:14     | Found an ancient bone altar of Kikubaaqudgha.
 36560 | D:14     | Found a runed translucent gate.
 36561 | D:14     | Noticed Opnastoc's ghost (journeyman MiBe)
 36561 | D:14     | Noticed a lich
 36562 | D:14     | Noticed a lich
 36563 | D:14     | Noticed a lich
 36563 | D:14     | Noticed a lich
 36676 | D:14     | Noticed Jorgrun
 37012 | D:13     | Noticed a tengu reaver
 37399 | D:14     | Killed Jorgrun
 37507 | D:14     | Offered knowledge of Lee's Rapid Deconstruction by Vehumet.
 37539 | D:13     | Learned a level 5 spell: Lee's Rapid Deconstruction
 38363 | D:14     | Found a shimmering blue altar of Sif Muna.
 38441 | D:14     | Got Sif Muna's Compendium of Conjuration
 38532 | D:15     | Entered Level 15 of the Dungeon
 38892 | D:15     | Reached XP level 16. HP: 116/116 MP: 26/26
 38964 | D:15     | Found a staircase to the Depths.
 39897 | Spider:1 | Entered Level 1 of the Spider Nest
 40008 | Spider:1 | Noticed Azrael
 40013 | Spider:1 | Killed Azrael
 40939 | Spider:1 | Noticed Agnes
 40944 | Spider:1 | Killed Agnes
 41891 | Spider:2 | You are sucked into a shaft and drop 1 floor!
 44543 | Spider:2 | Noticed Arachne
 44560 | Spider:2 | Killed Arachne
 45069 | Spider:2 | Offered knowledge of Conjure Ball Lightning by Vehumet.
 46170 | Spider:3 | Reached XP level 17. HP: 121/124 MP: 7/28
 47697 | Spider:3 | Noticed Donald
 47953 | Spider:3 | Noticed Mlioglotl
 48157 | Spider:3 | Offered knowledge of Orb of Destruction by Vehumet.
 48405 | Spider:3 | Killed Mlioglotl
 48830 | Spider:3 | Killed Donald
 49343 | Swamp:1  | Entered Level 1 of the Swamp
 49851 | Swamp:1  | Noticed Josephine
 49960 | Swamp:1  | Killed Josephine
 50955 | Swamp:2  | Noticed Kirke
 50964 | Swamp:2  | Noticed a sphinx
 51043 | Swamp:2  | Killed Kirke
 52115 | Swamp:2  | Reached XP level 18. HP: 131/131 MP: 31/31
 53656 | Swamp:3  | Identified the +2 chain mail "Jody" {Dex+3}
 54227 | Swamp:4  | Entered Level 4 of the Swamp
 54275 | Swamp:4  | Learned a level 7 spell: Orb of Destruction
 54317 | Swamp:4  | Found a shadowy altar of Dithmenos.
 54336 | Swamp:4  | Reached XP level 19. HP: 136/136 MP: 26/32
 54687 | Swamp:4  | Reached ****** piety under Vehumet
 55166 | Swamp:4  | Noticed a tentacled monstrosity
 55383 | Swamp:4  | Reached skill level 10 in Spellcasting
 55383 | Swamp:4  | Reached skill level 5 in Transmutations
 55455 | Swamp:4  | Reached skill level 1 in Armour
 56201 | Swamp:4  | Got a decaying rune of Zot
 56266 | Swamp:4  | Killed a tentacled monstrosity
 56522 | Spider:4 | Entered Level 4 of the Spider Nest
 56523 | Spider:4 | Offered knowledge of Lightning Bolt by Vehumet.
 56991 | Spider:4 | Reached skill level 5 in Armour
 57353 | Spider:4 | Noticed Louise
 57372 | Spider:4 | Killed Louise
 57944 | Spider:4 | Offered knowledge of Lehudib's Crystal Spear by Vehumet.
 58447 | Spider:4 | Got a gossamer rune of Zot
 59175 | Vaults:1 | Entered Level 1 of the Vaults
 59663 | Vaults:1 | You are sucked into a shaft and drop 1 floor!
 59688 | Vaults:2 | Reached XP level 20. HP: 134/145 MP: 8/34
 60056 | Vaults:2 | Noticed Nikola
 60235 | Vaults:2 | Killed Nikola
 61344 | Vaults:1 | Identified the +9 trident of Famine {vorpal, rN+ Int+4
                  | Dex+4}
 63300 | Vaults:3 | Offered knowledge of Shatter by Vehumet.
 63300 | Vaults:3 | Offered knowledge of Ignition by Vehumet.
 63300 | Vaults:3 | Offered knowledge of Maxwell's Capacitive Coupling by
                  | Vehumet.
 63364 | Vaults:2 | Learned a level 9 spell: Shatter
 63516 | Vaults:3 | Found a staircase to the Crypt.
 64449 | Vaults:3 | Reached XP level 21. HP: 152/152 MP: 14/35
 66091 | Vaults:3 | Found Voxziz's Antique Armour Shop.
 67334 | Vaults:4 | Noticed an ancient lich
 67619 | Vaults:4 | Noticed Aizul
 67625 | Vaults:4 | Killed Aizul
 67693 | Vaults:4 | Reached skill level 15 in Shields
 67804 | Vaults:4 | Killed an ancient lich
 68793 | Vaults:4 | Reached XP level 22. HP: 143/158 MP: 6/36
 69129 | Vaults:4 | Noticed Mara
 69135 | Vaults:4 | Killed Mara
 69538 | Elf:1    | Entered Level 1 of the Elven Halls
 69741 | Elf:1    | Cast into level 2 of the Abyss (+1 trident of distortion)
 69741 | Abyss:2  | Found a corrupted altar of Lugonu.
 69896 | Abyss:5  | Entered Level 5 of the Abyss
 69899 | Elf:1    | Escaped the Abyss
 71038 | Elf:2    | Found Fycy's Weapon Boutique.
 71150 | Elf:2    | Found a huge runed translucent gate.
 71150 | Elf:2    | Found a huge runed translucent gate.
 71150 | Elf:2    | Found a huge runed translucent gate.
 71150 | Elf:2    | Found a huge runed translucent gate.
 71150 | Elf:2    | Found a huge runed translucent gate.
 71388 | Elf:2    | Found Atee's Book Emporium.
 71388 | Elf:2    | Found Cankeshre's Jewellery Boutique.
 71389 | Elf:2    | Found Besoyn's Jewellery Boutique.
 72245 | Elf:3    | Entered Level 3 of the Elven Halls
 72609 | Elf:3    | Found a runed translucent gate.
 72609 | Elf:3    | Found a runed translucent gate.
 72609 | Elf:3    | Found a runed translucent gate.
 72820 | Elf:3    | Found Ra's Dragon-Slaying Spoils.
 73274 | Elf:3    | Identified the +10 mace "Tariwk" {holy, rC+ Str+2}
 73526 | Elf:3    | Identified the +11 plate armour of the Lair of Beasts
                  | {rPois rC+ Regen+ Int-4}
 73538 | Elf:3    | Found the +3 giant club "Skullcrusher" {speed, Str+7}
 73545 | Elf:3    | Got the Papyrus of Conjuration
 73557 | Elf:3    | Found the +3 Mad Mage's Maulers {Infuse+∞ RegenMP Int-3}
 73564 | Elf:3    | Identified the -3 pair of boots "Jeofuek" {Rampage Drain
                  | rC+ Regen+}
 73665 | Elf:3    | Got the Incunabulum of Envenoming and Malediction
 73671 | Elf:3    | Identified the +1 chain mail of the Endless Expanse {rPois
                  | Regen+ Int+8 Dex-5}
 74051 | Elf:3    | Learned a level 5 spell: Borgnjor's Vile Clutch
 74454 | Vaults:5 | Entered Level 5 of the Vaults
 74456 | Vaults:5 | Reached XP level 23. HP: 164/164 MP: 39/39
 74701 | Vaults:5 | Noticed a golden dragon
 74704 | Vaults:5 | Reached skill level 27 in Earth Magic
 74704 | Vaults:5 | Killed a golden dragon
 74706 | Vaults:5 | Noticed a dread lich
 74708 | Vaults:5 | Killed a dread lich
 74923 | Vaults:5 | Noticed a golden dragon
 74928 | Vaults:5 | Killed a golden dragon
 75217 | Vaults:5 | Noticed a golden dragon
 75221 | Vaults:5 | Killed a golden dragon
 75268 | Vaults:5 | Reached XP level 24. HP: 167/172 MP: 41/41
 75271 | Vaults:5 | Noticed an ancient lich
 75273 | Vaults:5 | Killed an ancient lich
 75331 | Vaults:5 | Reached skill level 10 in Dodging
 75800 | Vaults:5 | Got Ohycef's Disquisition on the Traveller
 75938 | Vaults:5 | Identified the +8 war axe of Termination {freeze, *Corrode
                  | Dex+4}
 76018 | Vaults:5 | Got the Compendium of Conjuration and the Glacier
 76020 | Vaults:5 | Got Sif Muna's Incunabulum of Hurtful Flight
 76044 | Vaults:5 | Identified the +5 spear of Iluemerch {vorpal, +Blink rF+
                  | Str+3 Stlth+}
 76189 | Vaults:5 | Got a silver rune of Zot
 76652 | Depths:1 | Entered Level 1 of the Depths
 76986 | Depths:1 | Found a basalt altar of Yredelemnul.
 76995 | Depths:1 | Identified the +3 ring mail of the Villain {Int+4}
 77150 | Depths:1 | Found a one-way gateway to a ziggurat.
 77660 | Depths:2 | Found a one-way gate leading to the halls of Pandemonium.
 77882 | Depths:2 | Reached skill level 15 in Spellcasting
 78647 | Depths:2 | Found Kaukh's Weapon Boutique.
 79340 | Depths:3 | Found a broken altar of Ashenzari.
 79829 | Depths:3 | Found a one-way gate to the infinite horrors of the Abyss.
 80400 | Depths:3 | Reached XP level 25. HP: 163/180 MP: 38/42
 80728 | Depths:4 | Entered Level 4 of the Depths
 81032 | Depths:4 | Noticed Mennas
 81043 | Depths:4 | Noticed a dread lich
 81336 | Depths:4 | Killed a dread lich
 81719 | D:2      | Bought a book of the Moon for 440 gold pieces
 81728 | D:2      | Learned a level 8 spell: Lehudib's Crystal Spear
 82301 | Depths:4 | Identified the amulet "Raytyuxt" {Rampage rC+ Will+ Regen+}
 82418 | Depths:4 | Found a portal to a secret trove of treasure.
 82765 | Depths:4 | Found a gate to the Realm of Zot.
 82867 | Depths:4 | Killed Mennas
 82978 | Depths:4 | Noticed Boris
 82982 | Depths:4 | Killed Boris
 82999 | Hell     | Entered the Vestibule of Hell
 82999 | Hell     | Noticed Geryon
 83004 | Hell     | Reached skill level 15 in Conjurations
 83410 | Hell     | Killed Geryon
 83510 | Depths:4 | You paid a toll of the horn of Geryon to enter a treasure
                  | trove
 83511 | Trove    | Entered a treasure trove
 83547 | Trove    | Got Sif Muna's Reference Book on Earth and Flames
 83596 | Trove    | Got Sif Muna's Handbook of the Shore
 83613 | Trove    | Identified a scroll of acquirement
 83640 | Depths:4 | Acquired 968 gold pieces
 83718 | Zot:1    | Entered Level 1 of the Realm of Zot
 85176 | Zot:2    | Reached XP level 26. HP: 188/188 MP: 38/43
 85935 | Zot:2    | Found a runed translucent gate.
 85936 | Zot:2    | Found a runed translucent gate.
 85937 | Zot:2    | Found a runed translucent gate.
 85939 | Zot:2    | Noticed Juzit's ghost (legendary GnFi)
 87014 | Elf:2    | Bought a ring of see invisible for 300 gold pieces
 87464 | Zot:1    | Killed Juzit's ghost
 87714 | Zot:2    | Identified the +0 pair of boots "Ytteaps" {rElec rPois
                  | Int+6 Dex-3}
 87718 | Zot:2    | Identified the +2 leather armour of Tarheriss {rElec rCorr
                  | Int-5}
 87992 | Zot:3    | Noticed a Killer Klown
 87997 | Zot:3    | Killed a Killer Klown
 88761 | Zot:3    | Noticed a Killer Klown
 88762 | Zot:3    | Killed a Killer Klown
 89214 | Zot:3    | Noticed a dread lich
 89217 | Zot:3    | Killed a dread lich
 90490 | Zot:4    | Reached XP level 27. HP: 111/196 MP: 44/44
 91466 | Zot:5    | Entered Level 5 of the Realm of Zot
 92243 | Zot:5    | Noticed a dread lich
 92255 | Zot:5    | Killed a dread lich
 92382 | Zot:5    | Noticed a dread lich
 92391 | Zot:5    | Killed a dread lich
 93316 | Zot:5    | Noticed a dread lich
 93317 | Zot:5    | Killed a dread lich
 93362 | Zot:5    | Reached skill level 15 in Dodging
 93388 | Zot:5    | Noticed an orb of fire
 93391 | Zot:5    | Gained mutation: Your body sometimes deteriorates upon
                  | taking damage. [an orb of fire]
 93395 | Zot:5    | Killed an orb of fire
 93447 | Zot:5    | Noticed an orb of fire
 93453 | Zot:5    | Killed an orb of fire
 93453 | Zot:5    | Noticed an orb of fire
 93454 | Zot:5    | Reached skill level 27 in Fighting
 93454 | Zot:5    | Gained mutation: You sometimes lose the ability to read
                  | scrolls when taking damage. [an orb of fire]
 93464 | Zot:5    | Killed an orb of fire
 93776 | Zot:5    | Noticed an ancient lich
 93778 | Zot:5    | Killed an ancient lich
 93884 | Zot:5    | Noticed an orb of fire
 93888 | Zot:5    | Killed an orb of fire
 93888 | Zot:5    | Noticed an orb of fire
 93891 | Zot:5    | Noticed an orb of fire
 93891 | Zot:5    | Gained mutation: Armour fits poorly on your strangely
                  | shaped body. [an orb of fire]
 93894 | Zot:5    | Killed an orb of fire
 93895 | Zot:5    | Noticed an orb of fire
 93898 | Zot:5    | Gained mutation: You are dopey. (Int -2) [an orb of fire]
 93900 | Zot:5    | HP: 6/199 [orb of fire/fireball (43)]
 93900 | Zot:5    | Killed from afar by an orb of fire

Illustrated notes

Levels and vault maps discovered:
D:1:      tarquinn_simple_flora_water_d, layout_rooms,
          ebering_ecumenical_altar_sacrificial
D:2:      layout_loops_ring, serial_shops, nicolae_shop_trees,
          chequers_serial_rivers_room_a, nicolae_grassy_gnolls
D:3:      layout_basic, mainiacjoe_overflow_large_starburst
D:4:      layout_loops_cross, uniq_eustachio
D:5:      layout_layer_cave, temple_green
D:6:      layout_basic, minitemple
D:7:      layout_loops_ring, minmay_lizard_king
D:8:      layout_loops_corners, serial_shops, nicolae_shop_advertising_works
          [nicolae_subvault_shop_adworks], kb_lookout_dungeons_type
D:9:      layout_rooms, serial_shops, nicolae_inconvenience_store, uniq_harold
D:10:     layout_irregular_city, kennysheep_cluttered_room,
          lightli_elemental_guards
D:11:     layout_roguey, david_lair_generic, david_orc_1_choice
D:12:     layout_basic, minmay_variable_closet, corexii_corridor_pit
D:13:     layout_loops_cross, erik_vaults_2, lightli_airlock, uniq_urug,
          uniq_snorg
D:14:     layout_roguey [special_room_mythical_zoo], gammafunk_ghost_crypt,
          hangedman_decor_diamond_cutter, led_sif_book, uniq_jorgrun
D:15:     grunt_enter_depths_giant_problem, layout_basic
Temple:   minmay_temple_curvy_loop
Lair:1:   layout_roguey, uniq_grum, uniq_nergalle, uniq_sonja
Lair:2:   layout_regular_city, uniq_maggie
Lair:3:   layout_chaotic_city, nicolae_swamp_entry_splash_gauntlet
Lair:4:   layout_cave_pods, spider_nest_entry_rubble,
          chequers_serial_rivers_micro_c, lemuel_fruit_tree, grunt_megastairs_3
Lair:5:   layout_long_grid, serial_bayou_shore_b, wad_woods_river_01
Lair:6:   evil_forest, layout_layer_cave, slime_altar_1, grunt_megastairs_4
Swamp:1:  layout_basic_swamp, evilmike_swamp_ruin_wall, uniq_josephine
Swamp:2:  layout_basic_swamp, serial_swamp_ruin, evilmike_swamp_ruin_rubble_1,
          evilmike_swamp_ruin_house_6, evilmike_swamp_ruin_house_5, uniq_kirke
Swamp:3:  layout_falls_marsh, infiniplex_staircase_pool_2
Swamp:4:  nzn_swamp_witches_coven, layout_basic_swamp, swamp_pool2,
          statue_in_the_mist_lemuel, lemuel_altar_in_water
Spider:1: layout_spider_delve, uniq_agnes, uniq_azrael
Spider:2: layout_spider_delve, nicolae_crawler_farm, uniq_arachne
Spider:3: layout_chambers, uniq_donald, uniq_mlioglotl
Spider:4: grunt_spider_rune_island, uniq_louise
Orc:1:    layout_caves
Orc:2:    grunt_orc_cross, layout_diamond_mine, minmay_orc_keep
Elf:1:    layout_geoelf_grid, lightli_enter_wizlab_magi_temple, minivault_28
Elf:2:    elven_hall_of_blades_hangedman_alternative
          [mumra_blade_entry_bloodbath], layout_gridlike, serial_corexii_hall,
          chequers_hall_statues_wall_a, chequers_hall_statues_corner_a,
          nicolae_take_the_stairs, grunt_ministairs_5, feat_on_display,
          minmay_shop_grove
Elf:3:    minmay_elf_hall_quartered_circle, layout_loops_corners,
          ploomutoo_gammafunk_ghost_potion_laboratory, nicolae_shop_dragon_depot
Vaults:1: grunt_vaults_twisty, nicolae_vaults_arrows, v_alt_pattern_3,
          vaults_dpeg_hooks, serial_ice_h, layout_vaults_chaotic_city
Vaults:2: ontoclasm_vaults_ring_small, grunt_vaults_funnel,
          hangedman_vaults_hat, dpeg_vaults_monster_box,
          ontoclasm_vaults_decontamination, hangedman_vaults_capsules,
          nicolae_vaults_three_branches, grunt_vaults_hallway_long,
          nicolae_vaults_sealed_display, hangedman_vaults_stretched_pinwheel,
          vaults_room_pool, hangedman_vaults_impose,
          nicolae_vaults_specimen_jars, vaults_room_semicircle,
          layout_vaults_omnibox, serial_glass, uniq_nikola
Vaults:3: minmay_crypt_entry_simple_sparse, v_misc_12,
          hangedman_vaults_river_flow, v_misc_31, nicolae_vaults_triangles,
          vaults_mumra_hex, v_alt_pattern_3, grunt_vaults_diagonal,
          vaults_dpeg_diagonal, nicolae_vaults_rhombus_6, v_misc_33,
          layout_vaults_ring, serial_shops, nicolae_shop_hallway_stairs
Vaults:4: ontoclasm_vaults_bender, grunt_vaults_trifunnel, v_misc_16,
          vaults_room_pools, ontoclasm_vaults_ligature,
          vaults_standard_mumra_enter_the_diamond, hangedman_vaults_cutoff,
          hangedman_vaults_unwind, ontoclasm_vaults_eye, vaults_room_grid,
          dpeg_vaults_pockets_of_resistance,
          vaults_standard_mumra_enter_the_diamond, layout_vaults_omnigrid,
          uniq_mara, uniq_aizul, uniq_margery
Vaults:5: serial_shops
Depths:1: layout_twisted_cross, enter_ziggurat_f, serial_sigils,
          serial_sigils_hangedman_gnaw, serial_sigils_hangedman_shear,
          serial_sigils_hangedman_snap, serial_sigils_hangedman_etch,
          serial_sigils_hangedman_gut, nrook_mini_vaults, hell_entry,
          yredelemnul_altar_generic
Depths:2: minmay_octo_star, layout_gridlike, hell_entry,
          minmay_misc_feat_ornament, serial_shops, nicolae_shop_statue_plus,
          pan_entry, columned_hall_lemuel, infiniplex_staircase_zigzag_2
Depths:3: wad_statue_garden, layout_gridville, pan_entry,
          hangedman_coc_ice_floe, abyss_entry,
          hangedman_abyss_or_decor_lesser_grid, evilmike_ruin_ashenzari
Depths:4: grunt_zot_entry_bicorn, layout_basic, hell_entry,
          chequers_serial_rivers_marsh, enter_trove_5, pan_entry,
          kennysheep_doodads, grunt_ministairs_9,
          minmay_checkered_concentric_circles, uniq_mennas, uniq_boris
Hell
Zot:1:    layout_basic
Zot:2:    layout_misc_corridors, gammafunk_ghost_tricky_traps
Zot:3:    layout_cathedral_of_symmetry, hangedman_player_shredder
Zot:4:    layout_misc_corridors, st_small_dragon_hoard_2, grunt_ministairs_14
Zot:5:    layout_gridlike

Skill      XL: |  1  2  3  4  5  6  7  8  9 10 11 12 13 14 15 16 17 18 19 20 21 22 23 24 25 26 27 |
---------------+----------------------------------------------------------------------------------+-----
Transmutations | 1 3 4 5 |  5.0
Earth Magic    | 4 5 6 7 9 11 12 14 16 18 19 20 22 24 26 27 | 27.0
Conjurations   | 1 2 3 5 6 8 11 12 13 14 16 17 19 | 19.2
Spellcasting   | 3 4 5 6 7 9 10 12 14 15 16 17 18 | 18.2
Fighting       | 3 6 9 12 14 15 17 18 20 21 22 23 24 25 26 27 | 27.0
Shields        | 3 4 6 10 12 15 | 15.0
Dodging        | 5 8 9 11 13 14 15 | 15.5
Armour         | 7 9 |  9.3
Stealth        | |  2.1

Action                   |  1- 3 |  4- 6 |  7- 9 | 10-12 | 13-15 | 16-18 | 19-21 | 22-24 | 25-27 || total
-------------------------+-------+-------+-------+-------+-------+-------+-------+-------+-------++-------
Melee: Unarmed           |   111 |    54 |    24 |       |       |       |       |       |       ||   189
       Punch             |     1 |       |     1 |       |       |       |       |       |       ||     2
       Flail             |       |       |    26 |    18 |   286 |    78 |    91 |     2 |       ||   501
       Staff             |       |       |       |       |       |       |     2 |    15 |    24 ||    41
 Cast: Sandblast         |    42 |    18 |    23 |   131 |   237 |    19 |     3 |       |     2 ||   475
       Stone Arrow       |     5 |    39 |    97 |   224 |   412 |    11 |     4 |     6 |     1 ||   799
       Passwall          |       |       |       |     1 |       |       |       |       |       ||     1
       Iron Shot         |       |       |       |       |   149 |   341 |   481 |   231 |    81 ||  1283
       Lee's Rapid Decon |       |       |       |       |     2 |   124 |   310 |   157 |    38 ||   631
       Petrify           |       |       |       |       |       |     4 |       |       |       ||     4
       Shatter           |       |       |       |       |       |       |     1 |    79 |    74 ||   154
       Orb of Destructio |       |       |       |       |       |       |     1 |     1 |     1 ||     3
       Lehudib's Crystal |       |       |       |       |       |       |       |       |   280 ||   280
       Borgnjor's Vile C |       |       |       |       |       |       |       |       |    49 ||    49
Evoke: Wand              |       |       |       |       |     4 |     4 |     7 |       |    21 ||    36
  Use: Potion            |       |     1 |       |       |     3 |     1 |     1 |       |     4 ||    10
       Scroll            |       |       |    11 |     5 |    10 |     9 |     7 |     6 |    13 ||    61
 Stab: Sleeping          |       |     1 |       |       |     1 |       |       |       |       ||     2
       Petrified         |       |       |       |       |       |     8 |       |       |       ||     8
Armor: Robe              |    82 |    57 |    10 |       |       |       |       |    62 |   216 ||   427
       Steam dragon scal |       |       |    13 |   108 |   266 |   187 |       |       |       ||   574
       Ring mail         |       |       |       |       |       |       |   251 |    21 |       ||   272
Dodge: Dodged            |    97 |    53 |    40 |    87 |   381 |   209 |   205 |    65 |   124 ||  1261
Block: Buckler           |       |       |     7 |     1 |       |       |       |       |       ||     8
       Kite shield       |       |       |       |   121 |   448 |   214 |   263 |    72 |   113 ||  1231
